 Dungeon Crawl Stone Soup version 0.22.1-2-g9c5b331 (webtiles) character file.

190 manyhoops the Covered (level 5, 0/41 HPs)
             Began as a Gnoll Wanderer on Dec 25, 2018.
             Succumbed to an adder's poison
             ... on level 4 of the Dungeon on Jan 6, 2019.
             The game lasted 00:03:29 (2031 turns).

manyhoops the Covered (Gnoll Wanderer)              Turns: 2031, Time: 00:03:30

Health: 0/41       AC:  5    Str: 13 (15) XL:     5   Next: 69%
Magic:  7/7        EV: 12    Int: 13 (14) God:
Gold:   188        SH:  0    Dex: 15 (18) Spells: 7/7 levels left

rFire    . . .     SeeInvis .   b - +2 hand crossbow
rCold    . . .     Gourm    .   (no shield)
rNeg     . . .     Faith    .   e - +0 robe
rPois    .         Spirit   .   (no helmet)
rElec    .         Reflect  .   v - +1 cloak
rCorr    .         Harm     .   r - +0 pair of gloves
MR       .....                  (no boots)
Stlth    ++........             (no amulet)
HPRegen  0.13/turn              p - +3 ring of dexterity
MPRegen  0.10/turn              (no ring)

@: lethally poisoned (0 -> -2)
A: distributed training, fangs 1, strong nose
a: no special abilities


You were on level 4 of the Dungeon.
You were not hungry.

You visited 1 branch of the dungeon, and saw 4 of its levels.

You collected 188 gold pieces.

Inventory:

Hand Weapons
 a - a +0 mace
 b - a +2 hand crossbow (weapon)
Missiles
 m - 5 bolts (quivered)
Armour
 e - a +0 robe (worn)
 r - a +0 pair of gloves (worn)
 v - a +1 cloak (worn)
Jewellery
 p - a +3 ring of dexterity (left hand)
Wands
 n - a wand of iceblast (5)
Scrolls
 c - 6 scrolls of teleportation
 g - 6 scrolls of remove curse
 k - a scroll of enchant armour
 l - a scroll of amnesia {unknown}
 o - a scroll of random uselessness {unknown}
 q - a scroll of enchant weapon {unknown}
 t - a scroll of magic mapping {unknown}
 u - a scroll of blinking {unknown}
Potions
 d - 2 potions of curing
 h - a potion of flight {unknown}
 i - a potion of agility
 j - a potion of heal wounds
 s - a potion of haste {unknown}
Comestibles
 f - 2 rations


   Skills:
 + Level 3.0 Fighting
 + Level 1.5 Short Blades
 + Level 1.5 Long Blades
 + Level 1.5 Axes
 + Level 1.5 Maces & Flails
 + Level 1.5 Polearms
 + Level 1.5 Staves
 + Level 1.5 Slings
 + Level 1.5 Bows
 + Level 4.8 Crossbows
 + Level 3.0 Throwing
 + Level 4.8 Armour
 + Level 1.5 Dodging
 + Level 2.8 Stealth
 + Level 1.5 Shields
 + Level 1.5 Unarmed Combat
 + Level 1.5 Spellcasting
 + Level 1.2 Conjurations
 + Level 1.2 Hexes
 + Level 1.2 Charms
 + Level 2.4 Summonings
 + Level 4.0 Necromancy
 + Level 1.2 Translocations
 + Level 1.2 Transmutations
 + Level 1.2 Fire Magic
 + Level 1.2 Ice Magic
 + Level 1.2 Air Magic
 + Level 1.2 Earth Magic
 + Level 1.2 Poison Magic
 + Level 1.7 Invocations
 + Level 1.5 Evocations


You had 7 spell levels left.
You didn't know any spells.
Your spell library was empty.

Dungeon Overview and Level Annotations

Branches:
Dungeon (4/15)
 Temple: D:4-7

Altars:
Elyvilon
Yredelemnul

Annotations:
D:4 Eustachio, Grinder


Innate Abilities, Weirdness & Mutations

Your experience applies equally to all skills.
You have very sharp teeth.
Your uncanny sense of smell can sniff out nearby items.


Message History

Really attack while wielding your +2 hand crossbow? [Y]es or [N]o only, please.
Really attack while wielding your +2 hand crossbow? [Y]es or [N]o only, please.
Really attack while wielding your +2 hand crossbow? [Y]es or [N]o only, please.
Really attack while wielding your +2 hand crossbow?
Okay, then.
The hound barely misses you.
You feel sick. The hound closely misses you.
Grinder says, "Don't move a muscle."
Eustachio the Magnificent comes into view.
He is wielding a falchion.
Eustachio shouts!
Eustachio casts a spell.
Eustachio blinks!
Eustachio moves out of view.
The hound bites you but does no damage. The hound bites you.
* * * LOW HITPOINT WARNING * * *
An ogre comes into view. It is wielding a giant club.
You die...

.......%.<#####
#......(....#
##.............#
#...............
#.....(.........
##.##5.#.#..#...
#.##h...##.....
#.....### ##.##
#...@.# ..
#..#..## ∆
#...... ∆
#......)
#.........
##.........
#####......
######O.


You could see Grinder, an ogre (wandering) and a hound.

Vanquished Creatures
  A bullfrog skeleton (D:4)
  4 gnolls
  6 adders
  An ooze (D:2)
  3 worms
  A leopard gecko (D:2)
  An orc (D:3)
  3 giant cockroaches
  4 goblins
  9 hobgoblins
  5 jackals
  5 kobolds
  10 bats
  4 frilled lizards
  3 rats
60 creatures vanquished.

Vanquished Creatures (others)
  4 toadstools (D:1)
4 creatures vanquished.

Grand Total: 64 creatures vanquished

Notes
Turn   | Place    | Note
-------+----------+-------------------------------------------
     0 | D:1      | manyhoops the Gnoll Wanderer began the quest for the Orb.
     0 | D:1      | manyhoops set off with: a +2 hand crossbow, 24 bolts, a
                  | scroll of teleportation, a potion of curing, a +0 robe, a
                  | ration
     0 | D:1      | Reached XP level 1. HP: 17/17 MP: 1/1
   130 | D:1      | Reached XP level 2. HP: 9/23 MP: 2/2
   917 | D:2      | Reached XP level 3. HP: 19/28 MP: 3/3
   920 | D:2      | Reached skill level 1 in Invocations
   972 | D:2      | Reached skill level 1 in Short Blades
   972 | D:2      | Reached skill level 1 in Long Blades
   972 | D:2      | Reached skill level 1 in Axes
   972 | D:2      | Reached skill level 1 in Maces & Flails
   972 | D:2      | Reached skill level 1 in Polearms
   972 | D:2      | Reached skill level 1 in Staves
   972 | D:2      | Reached skill level 1 in Slings
   972 | D:2      | Reached skill level 1 in Bows
   972 | D:2      | Reached skill level 1 in Dodging
   972 | D:2      | Reached skill level 1 in Shields
   972 | D:2      | Reached skill level 1 in Unarmed Combat
   972 | D:2      | Reached skill level 1 in Spellcasting
   972 | D:2      | Reached skill level 1 in Evocations
   972 | D:2      | Reached XP level 4. HP: 30/34 MP: 5/5
  1406 | D:3      | Reached skill level 1 in Conjurations
  1406 | D:3      | Reached skill level 1 in Hexes
  1406 | D:3      | Reached skill level 1 in Charms
  1406 | D:3      | Reached skill level 1 in Translocations
  1406 | D:3      | Reached skill level 1 in Transmutations
  1406 | D:3      | Reached skill level 1 in Fire Magic
  1406 | D:3      | Reached skill level 1 in Ice Magic
  1406 | D:3      | Reached skill level 1 in Air Magic
  1406 | D:3      | Reached skill level 1 in Earth Magic
  1406 | D:3      | Reached skill level 1 in Poison Magic
  1485 | D:3      | Found a white marble altar of Elyvilon.
  1538 | D:3      | Found a basalt altar of Yredelemnul.
  1688 | D:3      | Reached XP level 5. HP: 37/40 MP: 6/6
  2005 | D:4      | Noticed Grinder
  2006 | D:4      | Paralysed by Grinder for 4 turns
  2018 | D:4      | Paralysed by Grinder for 6 turns
  2028 | D:4      | Noticed Eustachio
  2030 | D:4      | HP: 1/41 [hound (5)]
  2031 | D:4      | Noticed an ogre
  2031 | D:4      | Succumbed to an adder's poison

Skill      XL: |  1  2  3  4  5 |
---------------+----------------+-----
Summonings     | 2 |  2.4
Invocations    | 1 |  1.7
Short Blades   | 1 |  1.5
Long Blades    | 1 |  1.5
Axes           | 1 |  1.5
Maces & Flails | 1 |  1.5
Polearms       | 1 |  1.5
Staves         | 1 |  1.5
Slings         | 1 |  1.5
Bows           | 1 |  1.5
Dodging        | 1 |  1.5
Shields        | 1 |  1.5
Unarmed Combat | 1 |  1.5
Spellcasting   | 1 |  1.5
Evocations     | 1 |  1.5
Conjurations   | 1 |  1.2
Hexes          | 1 |  1.2
Charms         | 1 |  1.2
Translocations | 1 |  1.2
Transmutations | 1 |  1.2
Fire Magic     | 1 |  1.2
Ice Magic      | 1 |  1.2
Air Magic      | 1 |  1.2
Earth Magic    | 1 |  1.2
Poison Magic   | 1 |  1.2
Fighting       | 3 |  3.0
Throwing       | 3 |  3.0
Necromancy     | 4 |  4.0
Crossbows      | |  4.8
Armour         | |  4.8
Stealth        | |  2.8

Action                   |  1- 3 |  4- 6 || total
-------------------------+-------+-------++-------
 Fire: Hand crossbow     |    42 |   102 ||   144
  Use: Scroll            |     1 |     2 ||     3
       Potion            |     1 |     1 ||     2
  Eat: Chunk             |       |     3 ||     3
Armor: Robe              |       |    11 ||    11
Dodge: Dodged            |     7 |    22 ||    29
